AoeStats
← GoldPhantom

Pilgrims

507991998Analyzed
3v3 RM · 13d ago on Sep 20, 2026· 45m 56s· 6 players
Game mode
Random Map
Map size
Normal (6 player)
Population
200
Speed
Normal
Resources
Standard
Victory
Conquest
Starting age
Dark Age
Ending age
Imperial Age
RankedLock teamsTeams togetherTeam positionsShared explorationLock speedFull tech treeHidden civsTurbo modeCheats
Victory
Defeat
🇺🇸 Jurchens · United States
765
+18
🇺🇸 Spanish · United States
723
+19
🇺🇸 Italians · United States
601
+24
🇭🇺 Britons · Hungary
857
-23
🇭🇰 Lithuanians · Hong Kong SAR China
840
-22
🇮🇳 Aztecs · India
678
-16
Writ
5:47 Loom
7:06 Loom
11:01 Feudal Age
9:19 Loom
12:37 Wheelbarrow
11:48 Town Watch
13:05 Town Watch
13:12 Double-Bit Axe
13:22 Fishing Lines
13:29 Man-at-Arms
15:57 Gold Mining
16:41 Forging
16:18 Arson
20:22 Scale Barding Armor
22:29 Castle Age
22:04 Bloodlines
22:05 Scale Barding Armor
24:09 Gold Shaft Mining
23:30 Gillnets
24:05 Hand Cart
26:12 Iron Casting
26:38 Husbandry
29:36 Chain Barding Armor
30:30 Stone Mining
33:25 Siege Engineers
40:25 Imperial Age
41:59 Stone Shaft Mining
43:14 Medium Warships
46:08 Blast Furnace
45:44 Plate Barding Armor
45:43 Conscription
PIGMELION
9:05 Loom
10:58 Feudal Age
12:45 Fishing Lines
13:17 Double-Bit Axe
13:46 Man-at-Arms
19:09 Scale Mail Armor
23:06 Castle Age
21:05 Horse Collar
23:35 Forging
23:17 Light Cavalry
23:28 Pikeman
24:26 Bloodlines
24:16 Husbandry
25:34 Scale Barding Armor
27:37 Chain Barding Armor
27:53 Iron Casting
32:45 Gold Mining
41:25 Imperial Age
44:26 Blast Furnace
44:02 Plate Barding Armor
42:49 Cavalier
44:32 Padded Archer Armor
45:32 Heavy Plow
space_milk
12:54 Feudal Age
13:27 Man-at-Arms
13:53 Arson
14:10 Fishing Lines
16:14 Double-Bit Axe
21:18 Scale Mail Armor
21:29 Forging
27:43 Castle Age
26:28 Scale Barding Armor
26:14 Fletching
26:25 Padded Archer Armor
29:08 Gillnets
29:30 Medium Warships
29:13 Pikeman
29:54 Squires
32:01 Iron Casting
31:42 Chain Mail Armor
31:27 Guard Tower
32:11 Ballistics
32:02 Masonry
33:32 Bow Saw
34:15 Stone Mining
34:16 Gold Mining
34:25 Treadmill Crane
42:19 Silk Road
44:18 Stone Shaft Mining
46:59 Imperial Age
juhamate7
9:24 Loom
14:17 Feudal Age
18:32 Castle Age
17:16 Horse Collar
17:51 Man-at-Arms
26:04 Fletching
26:15 Padded Archer Armor
Man_at_arms_rush_FC
16:17 Feudal Age
22:08 Double-Bit Axe
22:22 Arson
24:23 Gold Mining
24:26 Stone Mining
25:18 Horse Collar
28:07 Loom
32:25 Castle Age
33:36 Heavy Plow
33:51 Bow Saw
34:19 Gold Shaft Mining
34:22 Stone Shaft Mining
33:39 Gambesons
33:55 Squires
34:10 Forging
34:00 Scale Mail Armor
35:22 Wheelbarrow
34:34 Town Watch
37:07 Iron Casting
36:47 Chain Mail Armor
36:24 Fletching
37:08 Hand Cart
36:54 Town Patrol
38:26 Ballistics
40:28 Murder Holes
GoldPhantom
12:20 Feudal Age
10:37 Loom
12:51 Double-Bit Axe
19:25 Castle Age
18:13 Bloodlines
17:47 Horse Collar
19:13 Forging
25:17 Gold Mining
27:24 Scale Barding Armor
27:12 Fletching
33:26 Wheelbarrow
32:37 Town Watch
33:55 Scale Barding Armor
35:55 Husbandry
39:45 Bodkin Arrow
Connection lost

Rejoining the realm…

Still unreachable

The connection could not be restored.

Session expired

The server has moved on; the page needs a fresh start.